 Dungeon Sprint DCSS version 0.29-a0-1027-gcd8c55af63 (webtiles) character file.

Game seed: 1709586645577396137

13092 mhtbhm the Ninja (level 11, -3/60 HPs)
             Began as a Spriggan Brigand on Aug 13, 2022.
             Was the Champion of Dithmenos.
             Constricted to death by an anaconda (4 damage)
             ... in the Dungeon (Sprint III: "The Ten Rune Challenge").
             The game lasted 00:09:31 (2596 turns).

mhtbhm the Ninja (Spriggan Brigand)                 Turns: 2596, Time: 00:09:31

Health: -3/60      AC:  3    Str:  7    XL:     11   Next: 71%
Magic:  20/20      EV: 24    Int: 12    God:    Dithmenos [******]
Gold:   2908       SH:  0    Dex: 22    Spells: 10/10 levels left

rFire   . . .      SeeInvis +   a - +2 short sword (venom)
rCold   . . .      Faith    .   (no shield)
rNeg    . . .      Spirit   .   b - +0 robe
rPois   .          Reflect  .   (helmet restricted)
rElec   .          Harm     .   c - +0 cloak
rCorr   .          Rampage  .   (gloves unavailable)
Will    +....      NoTele   +   (boots unavailable) Stlth *********+
                                (no amulet)
HPRegen 0.20/turn               (no ring)
MPRegen 0.17/turn               (no ring)

@: wreathed by umbra, constricted, very quick
A: very small, no large weapons, unfitting armour, see invisible, speed 3
a: Renounce Religion, Shadow Step, Shadow Form


You were in the Dungeon.
You worshipped Dithmenos.
Dithmenos was exalted by your worship.
You visited 1 branch You collected 2908 gold pieces.

Inventory:

Hand Weapons
 a - a +2 short sword of venom (weapon)
 q - a +2 dagger
Missiles
 d - 5 poisoned darts
 e - 5 curare-tipped darts (quivered)
 g - 5 datura-tipped darts
 h - 5 atropa-tipped darts
Armour
 b - a +0 robe (worn)
 c - a +0 cloak (worn)
Wands
 j - a wand of digging (5)
Scrolls
 k - a scroll of blinking
 l - a scroll of identify
 o - a scroll of torment
Potions
 i - 2 potions of magic
 n - 2 potions of flight
 p - 7 potions of mutation
Miscellaneous
 t - a phial of floods


   Skills:
 + Level 8.2 Fighting
 + Level 13.2 Short Blades
 + Level 11.0 Throwing
 + Level 11.2 Dodging
 O Level 27 Stealth
 * Level 11.6 Invocations
 + Level 5.4 Evocations


You had 10 spell levels left.
You didn't know any spells.
Your spell library contained the following spells:

 Spells                   Type           Power      Damage    Failure   Level
 Sting                    Tmut/Pois      0%         1d3       32%         1
 Poisonous Vapours        Pois/Air       0%         N/A       45%         2
 Ignite Poison            Fire/Tmut/Pois 0%         N/A       69%         3
 Mephitic Cloud           Conj/Pois/Air  0%         N/A       69%         3
 Olgreb's Toxic Radiance  Pois           0%         N/A       97%         4
 Freezing Cloud           Conj/Ice/Air   0%         6-21      100%        5


Dungeon Overview and Level Annotations

Branches:
Dungeon (1/1)

Altars:
Cheibriados
Dithmenos
Elyvilon
Fedhas
Gozag
Hepliaklqana
Kikubaaqudgha
Makhleb
Nemelex Xobeh
Okawaru
Qazlal
Ru
Sif Muna
Trog
Uskayaw
Vehumet
Wu Jian
Xom
Yredelemnul
Zin
The Shining One
Jiyva
Lugonu

Shops:
D (


Innate Abilities, Weirdness & Mutations

You are very small and have problems with some larger weapons.
You are too small for most types of armour.
You have supernaturally acute eyesight. (SInv)
You cover ground extremely quickly. (Speed+++)


Message History

The anaconda completely misses you. x2; The anaconda grabs you.
The anaconda closely misses you. The anaconda constricts you.
There is an open door here.
You escape the anaconda's grasp.
Throw: 7 darts (curare)
Press: ? - help, Q - select action, (/) - cycle Shift-Dir - straight line, f/p - anaconda
Aim: an anaconda (severely wounded, extremely poisoned, umbra, 56% to hit)
You throw a curare-tipped dart.
The curare-tipped dart barely misses the anaconda.
You hear a splash.
The anaconda barely misses you. The anaconda completely misses you.
The anaconda attacks as you move away! The anaconda completely misses you.
The anaconda closely misses you.
You barely miss the anaconda.
The anaconda is almost dead.
Your shadow completely misses the anaconda.
The anaconda closely misses you. x2
You hit the anaconda but do no damage.
The anaconda looks as sick as possible!
The anaconda is almost dead.
Your shadow misses the anaconda. The anaconda completely misses you. x2
Throw: 6 darts (curare)
Press: ? - help, Q - select action, (/) - cycle Shift-Dir - straight line, f/p - anaconda
Aim: an anaconda (severely wounded, extremely poisoned, umbra, 56% to hit)
You throw a curare-tipped dart.
The curare-tipped dart hits the anaconda.
The anaconda looks as sick as possible!
The anaconda convulses.
The anaconda seems to slow down.
The anaconda is almost dead.
Unknown command.
You closely miss the anaconda.
The anaconda is almost dead.
The anaconda grabs you. The anaconda bites you!
* * * LOW HITPOINT WARNING * * *
You emit a cloud of dark smoke.
The anaconda constricts you.
* * * LOW HITPOINT WARNING * * *
You hit the anaconda.
The anaconda looks as sick as possible!
The anaconda is almost dead.
Your shadow hits the anaconda but does no damage.
The anaconda completely misses you. The anaconda constricts you.
You die...

♣♣§~~........~~~...##.
+♣♣§♣≈≈≈≈≈≈≈≈≈≈≈≈♣♣P.'.#
#§§♣♣♣♣♣♣♣♣♣♣♣♣♣♣♣♣PP##.
#§§♣♣ ♣♣♣##'
###'♣♣♣♣♣♣♣♣♣♣♣♣♣♣♣ #..
♣♣♣♣.##..##~~~~~≈..# #..
♣...##†##.#~~~~≈...# #).
♣♣.##.##§##'~~~≈≈####+###
♣..#.##@S.#§÷......?.#
♣♣.##.##§§#§§.'#######
♣♣.##.#####§§.#...)..#
♣†....##§§§§.§#♣♣♣÷_.#
########§#############
#..†........##
#....†.......#
###########..#
##.†.........#


You could see an anaconda (extremely poisoned, slow).

Vanquished Creatures
  Frances (D)
  Donald (D)
  2 hydras (D)
  Erica (D)
  A centaur warrior (D)
  2 anacondas (D)
  An orc high priest (D)
  Urug (D)
  A death drake (D)
  A spriggan druid (D)
  A lindwurm (D)
  A deep elf pyromancer (D)
  A black mamba (D)
  2 cane toads (D)
  A komodo dragon (D)
  An unseen horror (D)
  2 tyrant leeches (D)
  2 spriggans (D)
  A shadow (D)
  3 redbacks (D)
  A spatial vortex (D)
  A water moccasin (D)
  3 orc warriors (D)
  2 centaurs (D)
  An earth elemental (D)
  3 wandering mushrooms (D)
  A necrophage (D)
  A water elemental (D)
  An electric eel (D)
  A jelly (D)
  Crazy Yiuf (D)
  A necromancer (D)
  A wizard (D)
  4 orc wizards (D)
  3 humans (D)
  A kobold demonologist (D)
  4 adders (D)
  10 orcs (D)
  2 endoplasms (D)
  2 rats (D)
71 creatures vanquished.

Notes
Turn   | Place    | Note
-------+----------+-------------------------------------------
     0 | D        | mhtbhm the Spriggan Brigand began the quest for the Orb.
     0 | D        | Reached XP level 1. HP: 10/10 MP: 2/2
    10 | D        | Reached skill level 6 in Stealth
   106 | D        | Reached skill level 7 in Stealth
   198 | D        | Reached skill level 9 in Stealth
   198 | D        | Reached XP level 2. HP: 15/15 MP: 3/3
   301 | D        | Noticed Crazy Yiuf
   345 | D        | Killed Crazy Yiuf
   346 | D        | Reached skill level 10 in Stealth
   346 | D        | Reached XP level 3. HP: 6/18 MP: 4/4
   568 | D        | Noticed a water elemental
   579 | D        | Killed a water elemental
   580 | D        | Reached skill level 12 in Stealth
   580 | D        | Reached XP level 4. HP: 18/23 MP: 5/5
   730 | D        | Found a shadowy altar of Dithmenos.
   730 | D        | Noticed a necrophage
   731 | D        | Found a basalt altar of Yredelemnul.
   731 | D        | Found a sacrificial altar of Ru.
   733 | D        | Killed a necrophage
   734 | D        | Reached skill level 5 in Short Blades
   734 | D        | Reached skill level 5 in Throwing
   734 | D        | Reached skill level 14 in Stealth
   734 | D        | Reached XP level 5. HP: 28/28 MP: 6/6
   853 | D        | Found a radiant altar of Vehumet.
   854 | D        | Found a shimmering blue altar of Sif Muna.
   854 | D        | Found an ancient bone altar of Kikubaaqudgha.
   875 | D        | Found a glowing silver altar of Zin.
   876 | D        | Found a glowing golden altar of the Shining One.
   876 | D        | Found a white marble altar of Elyvilon.
   876 | D        | Noticed a deep elf pyromancer
   878 | D        | Killed a deep elf pyromancer
   879 | D        | Reached skill level 18 in Stealth
   879 | D        | Reached XP level 6. HP: 33/33 MP: 7/7
   879 | D        | Reached XP level 7. HP: 37/37 MP: 8/8
   890 | D        | Found a hide-covered altar of Uskayaw.
   890 | D        | Found an iron altar of Okawaru.
   891 | D        | Found a bloodstained altar of Trog.
   891 | D        | Found an ornate altar of the Wu Jian Council.
   891 | D        | Noticed a human
   891 | D        | Noticed a human
   893 | D        | Killed a human
   894 | D        | Reached skill level 19 in Stealth
   894 | D        | Killed a human
   910 | D        | Noticed a shadow
   912 | D        | Killed a shadow
   913 | D        | Reached skill level 20 in Stealth
   913 | D        | Reached XP level 8. HP: 42/42 MP: 9/9
   931 | D        | Became a worshipper of Dithmenos the Shadowed
   944 | D        | Found a blossoming altar of Fedhas.
   944 | D        | Found a stormy altar of Qazlal.
   944 | D        | Found a snail-covered altar of Cheibriados.
   944 | D        | Found a burning altar of Makhleb.
   944 | D        | Found a shimmering altar of Xom.
   945 | D        | Found a hazy altar of Hepliaklqana.
   945 | D        | Found an opulent altar of Gozag.
   945 | D        | Found a sparkling altar of Nemelex Xobeh.
   945 | D        | Found a corrupted altar of Lugonu.
   945 | D        | Found a viscous altar of Jiyva.
   948 | D        | Reached skill level 1 in Invocations
   966 | D        | Noticed Erica
   969 | D        | Killed Erica
   970 | D        | Reached skill level 22 in Stealth
   978 | D        | Reached * piety under Dithmenos
   983 | D        | Noticed a centaur warrior
   998 | D        | Killed a centaur warrior
   999 | D        | Reached skill level 10 in Short Blades
   999 | D        | Reached skill level 23 in Stealth
   999 | D        | Reached skill level 5 in Invocations
   999 | D        | Reached XP level 9. HP: 27/46 MP: 11/13
  1008 | D        | Reached ** piety under Dithmenos
  1203 | D        | Noticed an unseen horror
  1204 | D        | Killed an unseen horror
  1209 | D        | Noticed a wandering mushroom
  1213 | D        | Noticed a wandering mushroom
  1215 | D        | Noticed a wandering mushroom
  1627 | D        | Reached skill level 5 in Fighting
  1649 | D        | Reached *** piety under Dithmenos
  1815 | D        | Found Systor's Weapon Shoppe.
  1815 | D        | Noticed an orc high priest
  1826 | D        | Reached **** piety under Dithmenos
  1832 | D        | Reached skill level 24 in Stealth
  1841 | D        | Reached ***** piety under Dithmenos
  1842 | D        | Reached skill level 5 in Dodging
  1855 | D        | Killed an orc high priest
  1856 | D        | Reached skill level 1 in Evocations
  1856 | D        | Reached XP level 10. HP: 24/51 MP: 14/16
  2094 | D        | Noticed Donald
  2094 | D        | Noticed Frances
  2096 | D        | Killed Frances
  2097 | D        | Reached skill level 10 in Throwing
  2097 | D        | Reached skill level 25 in Stealth
  2097 | D        | Killed Donald
  2136 | D        | Noticed a cane toad
  2136 | D        | Noticed a cane toad
  2162 | D        | Killed a cane toad
  2172 | D        | Killed a cane toad
  2182 | D        | Reached ****** piety under Dithmenos
  2183 | D        | Reached skill level 26 in Stealth
  2198 | D        | Noticed a lindwurm
  2201 | D        | Killed a lindwurm
  2202 | D        | Reached XP level 11. HP: 42/58 MP: 17/19
  2209 | D        | Noticed Urug
  2211 | D        | Killed Urug
  2218 | D        | Noticed a four-headed hydra
  2218 | D        | Noticed a five-headed hydra
  2222 | D        | Killed a four-headed hydra
  2223 | D        | Reached skill level 10 in Invocations
  2223 | D        | Killed a five-headed hydra
  2224 | D        | Reached skill level 27 in Stealth
  2235 | D        | Noticed a death drake
  2238 | D        | Killed a death drake
  2239 | D        | Reached skill level 10 in Dodging
  2245 | D        | Found a blossoming altar of Fedhas.
  2245 | D        | Noticed a spriggan druid
  2264 | D        | Killed a spriggan druid
  2272 | D        | Reached skill level 5 in Evocations
  2466 | D        | Noticed an anaconda
  2468 | D        | Killed an anaconda
  2504 | D        | Noticed an anaconda
  2507 | D        | Killed an anaconda
  2533 | D        | Noticed an anaconda
  2533 | D        | Noticed an anaconda
  2595 | D        | HP: 1/60 [constriction (5)]
  2596 | D        | Constricted to death by an anaconda

Illustrated notes

Levels and vault maps discovered:
D:        dungeon_sprint_mu [sprint_mu_entry_cave, sprint_mu_temple_rooms,
          sprint_mu_d1_horrors, sprint_mu_d2_genie, sprint_mu_d3_branching,
          sprint_mu_orc_legion, sprint_mu_elf_gauntlet, sprint_mu_hive_nellie,
          sprint_mu_lair_fedhas, sprint_mu_vaults_butterflies,
          sprint_mu_slime_circle, sprint_mu_shoals_archi,
          sprint_mu_snake_twists, sprint_mu_blade_basic, sprint_mu_crypt_lich,
          sprint_mu_tomb_spiral, sprint_mu_vestibule_basic,
          sprint_mu_gehenna_hellfire, sprint_mu_dis_giant,
          sprint_mu_tartarus_statrot, sprint_mu_cocytus_islands, sprint_mu_zot1]

Skill      XL: |  1  2  3  4  5  6  7  8  9 10 11 |
---------------+----------------------------------+-----
Stealth        | 9 10 12 14 18 20 23 24 26 27 | 27.0
Fighting       | 2 3 4 5 6 8 |  8.2
Short Blades   | 3 4 5 7 8 10 11 12 13 | 13.2
Throwing       | 3 4 5 7 9 10 11 | 11.0
Dodging        | 2 3 5 8 11 | 11.2
Invocations    | 5 7 9 11 | 11.6
Evocations     | 1 3 5 |  5.4

Action                   |  1- 3 |  4- 6 |  7- 9 | 10-12 || total
-------------------------+-------+-------+-------+-------++-------
Melee: Dagger            |    18 |     6 |   108 |    16 ||   148
       Punch             |       |       |     1 |     2 ||     3
       Short sword       |       |       |       |    96 ||    96
Throw: Dart              |    14 |     1 |     7 |     7 ||    29
Invok: Shadow Step       |       |       |       |     3 ||     3
Evoke: Phial of floods   |       |       |     2 |       ||     2
  Use: Potion            |     1 |       |     2 |     5 ||     8
       Scroll            |       |       |     4 |       ||     4
 Stab: Sleeping          |     2 |     4 |     8 |    21 ||    35
Armor: Robe              |       |       |    11 |     4 ||    15
Dodge: Dodged            |     7 |     1 |    66 |    94 ||   168

Table legend: (Time is in decaauts)
 A = Elapsed time spent in this place.
 B = Non-inter-level travel time spent in this place.
 C = Inter-level travel time spent in this place.
 D = Time resting spent in this place.
 E = Time spent auto-exploring this place.
 F = Levels seen in this place.
 G = Mean time per level.
                   A        B        C        D        E       F      G
               +--------+--------+--------+--------+--------+-----+--------+
         Total |   2218 |   2218 |      0 |   1400 |    157 |   1 | 2218.0 |
       Dungeon |   2218 |   2218 |      0 |   1400 |    157 |   1 | 2218.0 |
               +--------+--------+--------+--------+--------+-----+--------+

Top non-repeatable levels by time:
       D: 2218 daAuts
